Cogmind - Beta 10.2 --- EXPLORER MODE // 2021.06.18 @ 20:51:59 // Winter2019/RPGLIKE Player: H_ Result: Self-destructed Performance ------------- Evolutions (1) 500 Regions Visited (2) 400 Robots Destroyed (20) 100 Value Destroyed (378) 378 Prototype IDs (0) 0 Alien Tech Used (0) 0 Bonus (19) 19 TOTAL SCORE: 1397 Bonus ------- High Alert Combat Kills 19 Cogmind --------- Core Integrity 585/600 Matter 290/300 Energy 158/160 System Corruption 0% Temperature Cool (2) Movement Flying (37) Location -9/Materials Parts ------- > --- POWER (1) -------- Light Nuclear Core > --- PROPULSION (2) --- VTOL Module VTOL Module > --- UTILITY (4) ------ Structural Scanner Improved Terrain Scanner Targeting Computer > --- WEAPON (2) ------- EM Pulse Gun EMP Blaster > --- INVENTORY (2) ---- Mining Laser Peak State ------------ > --- POWER ------------ Light Nuclear Core > --- PROPULSION ------- VTOL Module VTOL Module > --- UTILITY ---------- Structural Scanner Improved Terrain Scanner Targeting Computer > --- WEAPON ----------- EM Pulse Gun EMP Blaster > --- INVENTORY -------- Mining Laser [Rating: 14] Favorites ----------- Power Light Nuclear Core Engine Light Ion Engine Power Core Light Nuclear Core Propulsion Hover Unit Hover Unit Hover Unit Flight Unit VTOL Module Utility Structural Scanner Device Structural Scanner Processor Targeting Computer Weapon EMP Blaster Energy Gun Beam Rifle Ballistic Gun Light Assault Rifle Launcher EMP Blaster Special Weapon Mining Laser Build | -11 -10 -9 ------- Run | Scr Mat Mat Slots Evolved 5 | 3 . 2 Power . | . . . Propulsion 1 | . . 1 Utility 3 | 2 . 1 Weapon 1 | 1 . . Parts Attached 15 | 7 7 1 Power 2 | 1 1 . Engine 1 | 1 . . Core 1 | . 1 . Reactor . | . . . Propulsion 3 | . 2 1 Treads . | . . . Leg . | . . . Wheel . | . . . Hover 1 | . 1 . Flight 2 | . 1 1 Utility 3 | 3 . . Device 2 | 2 . . Storage . | . . . Processor 1 | 1 . . Hackware . | . . . Protection . | . . . Artifact . | . . . Weapon 7 | 3 4 . Energy Gun 3 | . 3 . Energy Cannon . | . . . Ballistic Gun 2 | 2 . . Ballistic Cannon . | . . . Launcher 1 | . 1 . Special Weapon 1 | 1 . . Impact Weapon . | . . . Slashing Weapon . | . . . Piercing Weapon . | . . . Special Melee Weapon . | . . . Unidentified Prototypes . | . . . Parts Lost . | . . . Power . | . . . Propulsion . | . . . Utility . | . . . Weapon . | . . . Highest Loss Streak . | . . . Average Slot Usage (%) 91 | . 91 . Engine 4 | . 4 . Core 9 | . 9 . Hover 4 | . 4 . Flight 2 | . 2 . Device 28 | . 28 . Processor 14 | . 14 . Energy Gun 10 | . 10 . Ballistic Gun 2 | . 2 . Launcher 10 | . 10 . Special Weapon 3 | . 3 . Naked Turns . | . . . Heaviest Build 14 | 7 14 13 Greatest Support 20 | 13 16 20 Greatest Overweight (x) 1 | . 1 . Average Overweight (x) . | . . . Largest Inventory Capacity 2 | 2 2 2 Average Capacity 1 | 1 2 2 Most Carried 2 | . 2 2 Average Carried . | . . 1 Final Capacity 2 | 2 2 2 Final Carried 2 | . 2 1 Class Distribution -------------------- 83% | Hacker-Scout 16% | Hacker-Mutant Dominant Class ---------------- Hacker-Scout | -10/Materials Hacker-Scout | -9/Materials Resources | -11 -10 -9 ----------- Run | Scr Mat Mat Matter Collected 408 | 302 106 . Remotely . | . . . Salvage Created 653 | 160 493 . Parts 45 | 12 33 . Haulers Intercepted 1 | . 1 . Recyclers Shooed . | . . . Parts Field Recycled . | . . . Retrieved Matter . | . . . Parts Self-Destructed . | . . . Prevented . | . . . Kills | -11 -10 -9 ------- Run | Scr Mat Mat Combat Hostiles Destroyed 7 | . 7 . Guns 2 | . 2 . AOE 5 | . 5 . Classes Destroyed 7 | 2 5 . Worker 1 | . 1 . Builder 1 | . 1 . Tunneler 6 | 5 1 . Hauler 1 | . 1 . Recycler 1 | 1 . . Watcher 3 | . 3 . Grunt 7 | . 7 . Best Kill Streak 6 | 6 5 . Combat Bots Only 5 | . 5 . Max Kills in Single Turn 3 | 1 3 . Gunslinging . | . . . Exploded 1 | . 1 . Melee . | . . . Uniques/NPCs Destroyed . | . . . Combat | -11 -10 -9 -------- Run | Scr Mat Mat Damage Taken 208 | . 208 . Core 159 | . 159 . Absorbed by Shields . | . . . Redirected to Core 136 | . 136 . Core Remaining (%) 98 | 100 97 . Volleys Fired 41 | 16 25 . Largest 2 | 2 1 . Hottest 56 | 40 56 . Shots Fired 57 | 32 25 . Gun 48 | 32 16 . Cannon . | . . . Launcher 9 | . 9 . Special . | . . . Kinetic 32 | 32 . . Thermal 16 | . 16 . Explosive . | . . . Electromagnetic 9 | . 9 . Robot Hit Streak 22 | 15 22 . Robot Miss Streak 1 | 1 1 . Penetration Max . | . . . Secondary Targets . | . . . Shots Hit Robots 50 | 27 23 . Core Hits 30 | 10 20 . Critical Hits . | . . . Critical Kills . | . . . Critical Parts Destroyed . | . . . Melee Attacks . | . . . Impact . | . . . Slashing . | . . . Piercing . | . . . Sneak Attacks . | . . . Combat Hostiles . | . . . Follow-up Attacks . | . . . Damage Inflicted 916 | 220 696 . Guns 450 | 220 230 . Cannons . | . . . Explosions 466 | . 466 . Melee . | . . . Ramming . | . . . Kinetic 220 | 220 . . Thermal 245 | . 245 . Explosive . | . . . Electromagnetic 451 | . 451 . Impact . | . . . Slashing . | . . . Piercing . | . . . Highest Corruption . | . . . Average Corruption . | . . . Corruption Purged . | . . . Overload Shots . | . . . Overflow Damage 11 | . 11 . Projectiles . | . . . Explosions 11 | . 11 . Melee . | . . . Knockbacks . | . . . Impact . | . . . Kinetic . | . . . Secondary . | . . . Self-Inflicted Damage . | . . . Shots . | . . . Rammed . | . . . Targets Rammed . | . . . Kicked . | . . . Crushed . | . . . Highest Temperature 90 | . 90 . Average Temperature 31 | . 31 . Received Heat Transfer 186 | . 186 . Siege Activations . | . . . Robots Corrupted . | . . . Combat Hostiles . | . . . Parts Fried 2 | . 2 . Impact Corruptions . | . . . Robots Melted . | . . . Combat Hostiles . | . . . Parts Melted . | . . . Heat Transferred 642 | . 642 . Parts Sabotaged . | . . . Parts Stolen . | . . . Parts Stripped . | . . . Power Chain Reactions 1 | . 1 . Missiles Intercepted . | . . . Alert | -11 -10 -9 ------- Run | Scr Mat Mat Peak Influence 481 | 30 481 63 Initial 63 | . 14 63 Average 236 | 12 285 63 Maximum Alert Level 2 | . 2 . Low Security (%) 44 | 100 32 100 Level 1 24 | . 30 . Level 2 30 | . 37 . Level 3 . | . . . Level 4 . | . . . Level 5 . | . . . High Security . | . . . Max Security . | . . . Squads Dispatched 2 | . 2 . Investigation 2 | . 2 . Extermination . | . . . Reinforcement . | . . . Assault . | . . . Garrison . | . . . Intercept . | . . . Construction Impeded . | . . . Haulers Reinforced . | . . . Stealth | -11 -10 -9 --------- Run | Scr Mat Mat Distress Signals 1 | . 1 . Communications Jammed . | . . . Distress Signals . | . . . Times Spotted 22 | . 22 . Peak Tracking Total 7 | . 7 . Tactical Retreats 2 | . 2 . Traps | -11 -10 -9 ------- Run | Scr Mat Mat Traps Triggered . | . . . Indirectly . | . . . Trap Hack Attempts . | . . . Triggered . | . . . Disarmed . | . . . Reprogrammed . | . . . Reused . | . . . Traps Extracted . | . . . Installed . | . . . Triggered . | . . . Machines | -11 -10 -9 ---------- Run | Scr Mat Mat Machines Disabled 1 | . 1 . Max in Single Turn 1 | . 1 . Machines Sabotaged . | . . . Garrisons Compromised . | . . . Overloaded Fab Kills . | . . . Fab Network Shutdowns . | . . . Hacking | -11 -10 -9 --------- Run | Scr Mat Mat Machines Accessed 11 | . 11 . Terminals 8 | . 8 . Fabricators . | . . . Repair Stations 1 | . 1 . Recycling Units 2 | . 2 . Scanalyzers . | . . . Garrison Access . | . . . Total Hacks 35 | . 35 . Successful 28 | . 28 . Failed 7 | . 7 . Catastrophic . | . . . Database Lockouts . | . . . Manual 21 | . 21 . Terminals 28 | . 28 . Fabricators . | . . . Repair Stations 1 | . 1 . Recycling Units 6 | . 6 . Scanalyzers . | . . . Garrison Access . | . . . Terminal Hacks 13 | . 13 . Robot Analysis 4 | . 4 . Branch Access Points 1 | . 1 . Terminal Index 1 | . 1 . Recycling Unit Index 1 | . 1 . Locate Traps 4 | . 4 . Dispatch Records 1 | . 1 . Zone Layout 1 | . 1 . Fabricator Hacks . | . . . Repair Station Hacks . | . . . Recycling Unit Hacks 2 | . 2 . Report Inventory 2 | . 2 . Scanalyzer . | . . . Garrison Access Hacks . | . . . Unauthorized Hacks 13 | . 13 . Terminals 8 | . 8 . Track 4 | . 4 . Botnet 4 | . 4 . Fabricators . | . . . Repair Stations 1 | . 1 . Mechanics 1 | . 1 . Recycling Units 4 | . 4 . Monitor 1 | . 1 . Recyclers 1 | . 1 . Tunnel 2 | . 2 . Scanalyzers . | . . . Garrison Access . | . . . Data Cores Recovered . | . . . Used . | . . . Hacking Detections 8 | . 8 . Full Trace Events . | . . . Feedback Events . | . . . Feedback Blocked . | . . . Robot Schematics Acquired . | . . . Robots Built . | . . . Matter . | . . . Time . | . . . Total Robot Build Rating . | . . . Part Schematics Acquired . | . . . Parts Built . | . . . Matter . | . . . Time . | . . . Total Part Build Rating . | . . . Parts Repaired . | . . . Time . | . . . Parts Recycled . | . . . Recycled Matter . | . . . Retrieved Matter . | . . . Retrieved Components . | . . . Parts Scanalyzed . | . . . Part Schematics Acquired . | . . . Parts Damaged . | . . . Bothacking | -11 -10 -9 ------------ Run | Scr Mat Mat Used RIF Installer . | . . . Robots Hacked . | . . . Non-combat . | . . . Combat . | . . . Robot Hacks Applied . | . . . Relay Couplers Released . | . . . Robots Rewired . | . . . Allies Hacked . | . . . Hacks Repelled . | . . . Allies | -11 -10 -9 -------- Run | Scr Mat Mat Total Allies . | . . . Largest Group . | . . . Highest-Rated Group . | . . . Highest-Rated Ally . | . . . Total Orders . | . . . Ally Attacks . | . . . Total Damage . | . . . Kills . | . . . Allies Corrupted . | . . . Allies Melted . | . . . Intel | -11 -10 -9 ------- Run | Scr Mat Mat Robot Analysis Total 4 | . 4 . Derelict Logs Recovered . | . . . Drone Launches . | . . . Drone Recoveries . | . . . Exploration | -11 -10 -9 ------------- Run | Scr Mat Mat Turns Passed 537 | 90 440 7 Spaces Moved 729 | 61 654 14 Core 392 | 61 331 . Treads . | . . . Legs . | . . . Wheels . | . . . Hover 164 | . 164 . Flight 173 | . 159 14 Fastest Speed 37 | 50 40 37 Average Speed 54 | 50 55 38 Slowest Speed 100 | 50 100 40 Overloaded Moves . | . . . Propulsion Burnouts . | . . . Robots Hopped . | . . . Cave-ins Triggered . | . . . Exploration Rate (%) 31 | 3 87 3 Regions Visited 2 Branch Regions . Pre-discovered Areas 2 | . 2 . Known Exits Taken 2 | 1 1 . Unknown Exits Taken . | . . . Scrap Searched . | . . . Spaces Dug . | . . . Terrain Destroyed 2 | . 2 . Melee . | . . . Projectile . | . . . AOE 2 | . 2 . Terrain Rammed . | . . . Walls Destroyed . | . . . Machines Disabled . | . . . Actions | -11 -10 -9 --------- Run | Scr Mat Mat Total 811 | 91 705 15 Wait 12 | 7 5 . Move 727 | 60 653 14 Hop . | . . . Pick Up 4 | . 4 . Fast Attach 11 | 7 4 . Attach 3 | . 2 1 Detach . | . . . Swap 1 | . 1 . Drop 6 | 1 5 . Fire 41 | 16 25 . Melee . | . . . Ram . | . . . Kick . | . . . Crush . | . . . Escape Stasis . | . . . Rewire . | . . . Trap . | . . . Miscellaneous 6 | . 6 . Route ------- -11/Scrapyard -10/Materials (discovered 3 exits: *Mat x2 / *Min) -9/Materials History --------- Turn | Location | Event 4 | -11/Scrapyard | Upgraded with Utility slot (x2) 4 | -11/Scrapyard | Upgraded with Weapon slot (x1) 11 | -11/Scrapyard | Identified exit to Materials 11 | -11/Scrapyard | Discovered exit to Materials (range 15) 91 | -11/Scrapyard | Entered Materials 181 | -10/Materials | Identified exit to Mines 181 | -10/Materials | Discovered exit to Mines (range 7) 194 | -10/Materials | Identified exit to Materials 194 | -10/Materials | Discovered exit to Materials (range 15) 329 | -10/Materials | Reached level 2 389 | -10/Materials | Discovered exit to Materials (range 16) 531 | -10/Materials | Entered another Materials area 533 | -9/Materials | Reached level 3 535 | -9/Materials | Upgraded with Propulsion slot (x1) 535 | -9/Materials | Upgraded with Utility slot (x1) 538 | -9/Materials | Self-destructed Last Messages --------------- 00465_ Acquired VTOL Module. 00481_ Acquired 10 matter. 00492_ K-01 Serf collects debris. 00496_ K-01 Serf cleans the Electrolysis Chamber. 00501_ Connecting with Recycling Unit... >>Force(Tunnel) DISCOVERED[-3/Research] 00501_ ALERT: Suspicious activity at Recycling Unit M001. Dispatching Investigation squad. 00510_ K-01 Serf cleans the Electrolysis Chamber. 00516_ K-01 Serf collects debris. LOCATION=MATERIALS GOAL=ESCAPE 00533_ Reached level 3. 00535_ Upgraded: Propulsion Slot (+1) 00535_ Upgraded: Utility Slot (+1) 00535_ Upgraded: Energy Generation (+5) 00535_ Upgraded: Hack Attack % (+5) 00535_ Upgraded: Hack Defense % (+5) 00538_ Connecting with Terminal... Map ----- +----------------------------------------------------+ | ?????????????????????????????????????????????????? | | ?????????????????????????????????????????????????? | | ?????????????????????????????????????????????????? | | ?????????????????????????????????????????????????? | | ?????????????????????????????????????????????????? | | ?????????????????????????????????????????????????? | | ?????????????????????????????????????????????????? | | ?????????????????????????????????????????????????? | | ?????????????????????????????????????????????????? | | ?????????????????????????????????????????????????? | | ?????????????????????????????????????????????????? | | ?????????????????????????????????????????????????? | | ????????????????????#?????#???##?????????????????? | | ????????????????????#?????????#??????????????????? | | ???????????????Y???#???? ??? ???????????????????? | | ?????????????????#??????? ???????????????????????? | | ???????????????? ???? ???????????????????????????? | | ????????????????????? ? ??? ?????????????????????? | | ??????????????????????? ???????#?????????????????? | | ???????????????????????????????????#?????????????? | | ??????????????????????????? ???#????????????????? | | ???????????????????#??###+###???????##???????????? | | ??????????????????????# ########?#???????????? | | ?????????????????? ?? # " #?#???????????? | | ??????????????? ? ??? # "T #??#??????????? | | ??????????????????????# @ ????????? | | ?????????? ????????? ?# ######???????#???????? | | ????????????#???#?????## ##????? ?????????????? | | ????????????????#????### ##? ?????""???????????? | | ??????????????#?????##?# #?????? ???? ?????????? | | ??????????????#????????# ##????????????????????? | | ??????????? ??#????????# ##?????? ?????????????? | | ???????????? #????????# #?#????????#??????????? | | ???????????? ???###????# ###############???????? | | ???????????????##??#?#?# ??????? | | ????????????? ?????#???# ??????? | | ???????????????#????#??# ??????? | | ???????????##?#????#???# ##############????????? | | ?????????????????#?#?#?# #??#???#??????????????? | | ????????????????????#??# #?##?#??#?????????????? | | ??????????? ???????????# #??#?????????#? ??????? | | ???????????????????????#####?????????????????????? | | ??????????? ??????????????#?##???????????????????? | | ????????????????? ????????????????????#?#????????? | | ?????????????????????#?????#?????????????????????? | | ????????????????????????#?????#??????????????????? | | ???????????????????????????????????#?????????????? | | ?????????????????#??????????????????#????????????? | | ??????????????????????#?????#????????????????????? | | ?????????????????????????????#???????????????????? | +----------------------------------------------------+ Best States ------------- Heat Dissipation 31 Energy Generation 14 Energy Capacity 160 Matter Stores 300 Matter Capacity 300 Sight Range 16 Terrain Scan Range 16 Terrain Scan Density 310 Resistance: KI 35 Resistance: TH 35 Resistance: EX 35 Resistance: EM 35 Resistance: I 35 Resistance: S 35 Resistance: P 35 Evasion (%) 62 Targeting Accuracy 5 Offensive Hacking 20 Item Schematics ----------------- None Robot Schematics ------------------ None Fabricated ------------ Nothing Alien Tech Used ----------------- None Achievements -------------- None Challenges ------------ None RPGLIKE | -11 -10 -9 --------- Run | Scr Mat Mat Levels Raised 2 | . 1 1 XP Earned 10397 | 6000 1864 2533 XP Spent 5870 | 3570 . 2300 Upgrades 16 | 11 . 5 Propulsion Slot 1 | . . 1 Utility Slot 3 | 2 . 1 Weapon Slot 1 | 1 . . Heat Dissipation 1 | 1 . . Energy Generation 1 | . . 1 Mass Support 2 | 2 . . Inventory Capacity 2 | 2 . . Terrain Scan Density 3 | 3 . . Hack Attack % 1 | . . 1 Hack Defense % 1 | . . 1 Protomatter Created 91 | . 91 . Integrity Restored 144 | . 144 . Core 144 | . 144 . Protomatter Decayed 41 | . 41 . Game ------ Seed SwarmWeldingCannon Manual? 0 Play Time 00:23:56 Cumulative 191.3 hours Start 2021.06.18 @ 07:47:22 End 2021.06.18 @ 20:51:59 Sessions 4 Manual Loads 0 Difficulty Explorer Special Mode Winter2019/RPGLIKE Game No. 36 Rogue 12 Adventurer 0 Explorer 24 Win Type - Total 4 Types 2/0/2/0/0/0/0/0/0 Lore% 75 Gallery% 83 Achievement% 70 Wizard Run 0 Options --------- ASCII 0 Keyboard 0 Movement Mouse Keybinds 0 Fullscreen 2 Font 24/Proggy Map View 76x50 Tactical HUD 1 Map Filters NONE Filters NONE Steam 1 RUN: d34dc534-7e6b-48bf-8e91-20d72cafc55a